 Dungeon Crawl Stone Soup version 0.21-a0-344-g2144152 (webtiles) character file.

2373 nikopol the Cleaver (level 9, -2/121 HPs)
             Began as a Minotaur Berserker on Oct 4, 2017.
             Was a High Priest of Trog.
             Splashed by a jelly's acid (7 damage)
             ... on level 6 of the Dungeon.
             The game lasted 00:14:25 (5566 turns).

nikopol the Cleaver (Minotaur Berserker)            Turns: 5566, Time: 00:14:25

Health: -2/121     AC: -4    Str: 27    XL:     9   Next: 21%
Magic:  8/8        EV: 10    Int:  4    God:    Trog [*****.]
Gold:   254        SH:  0    Dex: 13    Spells: 8/8 levels left

rFire    . . .     SeeInvis .   a - +0 hand axe
rCold    . . .     Gourm    .   (no shield)
rNeg     . . .     Faith    .   w - +0 chain mail
rPois    .         Spirit   .   (helmet restricted)
rElec    .         Reflect  .   (no cloak)
rCorr    .         Harm     .   (no gloves)
MR       .....                  i - +1 pair of boots
Stlth    ..........             (no amulet)
HPRegen  0.30/turn              (no ring)
MPRegen  0.11/turn              (no ring)

@: berserking, corroded, starving, very quick
A: retaliatory headbutt, horns 2
a: Berserk, Trog's Hand, Brothers in Arms, Burn Spellbooks, Renounce Religion


You were on level 6 of the Dungeon.
You worshipped Trog.
Trog was extremely pleased with you.
You were starving.

You visited 1 branch of the dungeon, and saw 6 of its levels.
You also visited: Ossuary.

You collected 254 gold pieces.

Inventory:

Hand Weapons
 a - a +0 hand axe (weapon)
 z - a +0 shortbow
Missiles
 j - 176 arrows
Armour
 b - a +0 animal skin
 i - a +1 pair of boots (worn)
 w - a +0 chain mail (worn)
Jewellery
 f - an uncursed ring of protection from cold {unknown}
Wands
 t - a wand of random effects (48/48)
Scrolls
 e - a scroll of fog {unknown}
 k - 2 scrolls of enchant armour
 l - 2 scrolls of blinking
 p - 3 scrolls of identify
 r - 2 scrolls of immolation
 u - a scroll of recharging
 x - 2 scrolls of teleportation
 y - a scroll of remove curse {unknown}
 E - 2 scrolls of amnesia {unknown}
Potions
 d - 3 potions of ambrosia
 g - 3 potions of resistance {unknown}
 h - 4 potions of might
 m - 2 potions of heal wounds {unknown}
 n - 2 potions of curing {unknown}
 q - a potion of berserk rage {unknown}
 s - 2 potions of cancellation {unknown}
 v - a potion of magic {unknown}
 B - a potion of mutation {unknown}
 C - a potion of flight {unknown}
 D - a potion of agility {unknown}
Comestibles
 c - 5 bread rations
 o - 2 fruits
 A - a meat ration


   Skills:
 + Level 7.8 Fighting
 + Level 9.2 Axes
 + Level 7.3 Bows
 + Level 4.0 Armour
 + Level 4.2 Dodging
 + Level 1.6 Stealth


You had 8 spell levels left.
You didn't know any spells.

Dungeon Overview and Level Annotations

Branches:
Dungeon (6/15)
 Temple: D:4-7

Altars:
Ashenzari

Annotations:
D:6 exclusion: oklob plant


Innate Abilities, Weirdness & Mutations

You reflexively headbutt those who attack you in melee.
You have a pair of horns on your head.


Message History

* * * LOW HITPOINT WARNING * * *
You hit the jelly but do no damage.
Your hands burn!
* * * LOW HITPOINT WARNING * * *
You headbutt the jelly, but do no damage.
The jelly is heavily wounded.
The jelly hits you.
* * * LOW HITPOINT WARNING * * *
You are splashed with acid!
The acid burns!
* * * LOW HITPOINT WARNING * * *
You hit the jelly but do no damage. The acid corrodes you!
Your hands burn!
* * * LOW HITPOINT WARNING * * *
You headbutt the jelly, but do no damage.
The jelly is heavily wounded.
A red film seems to cover your vision as you go berserk!
You feel yourself moving faster!
You feel mighty!
You are starving!
The jelly hits you.
* * * LOW HITPOINT WARNING * * *
You are splashed with acid!
The acid burns!
You die...

#.....#
......
#.....#
......
#.....#
......
#.....#
......
#<....#
#.....#
#####.##
#..# ###
##@# #...#
#J#
....JJ##.#
..P.JJ'..#
...J.J####
#..J# ###


You could see a jelly.

Vanquished Creatures
  The ghost of Amnesiac the Destroyer, a novice GnCj of Ashenzari (D:6)
  Prince Ribbit (D:5)
  Sigmund (D:6)
  The ghost of Goblin1989 the Skirmisher, an amateur GnFi (D:4)
  A black bear (D:6)
  2 centaurs (D:3)
  Blork the orc (D:5)
  A scorpion (D:4)
  2 crimson imps (D:5)
  A centaur skeleton (D:4)
  2 hounds (D:5)
  6 jellies (D:6)
  An orc priest (D:4)
  A bullfrog skeleton (D:5)
  An iguana (D:4)
  2 orc wizards
  Natasha (thrice) (D:4)
  3 worker ants
  6 big kobold zombies (Ossuary)
  A hound skeleton (D:4)
  A mummy (Ossuary)
  7 gnolls
  9 adders
  11 oozes (D:6)
  An adder skeleton (D:4)
  4 worms
  4 dart slugs
  2 leopard geckos
  12 orcs
  5 spectral bats (Ossuary)
  5 bats
  8 giant cockroaches
  6 goblins
  5 hobgoblins
  5 jackals
  5 kobolds
  4 quokkas
  6 bat simulacra (Ossuary)
  4 frilled lizards
  6 gnoll zombies (Ossuary)
  5 goblin simulacra (Ossuary)
  2 goblin zombies (Ossuary)
  5 hobgoblin zombies (Ossuary)
  4 kobold simulacra (Ossuary)
  6 kobold zombies (Ossuary)
  A leopard gecko skeleton (D:5)
  5 orc zombies (Ossuary)
  A quokka skeleton (D:4)
  9 rats
  5 rat simulacra (Ossuary)
  3 spectral goblins (Ossuary)
  A spectral kobold (Ossuary)
  2 spectral rats (Ossuary)
197 creatures vanquished.

Vanquished Creatures (others)
  5 fungi (D:6)
5 creatures vanquished.

Grand Total: 202 creatures vanquished

Notes
Turn   | Place    | Note
-------+----------+-------------------------------------------
     0 | D:1      | nikopol the Minotaur Berserker began the quest for the Orb.
     0 | D:1      | Reached XP level 1. HP: 19/19 MP: 0/0
   140 | D:1      | Reached XP level 2. HP: 26/27 MP: 1/1
   146 | D:1      | Reached skill level 4 in Axes
   824 | D:2      | Reached ** piety under Trog
   856 | D:2      | Reached XP level 3. HP: 34/34 MP: 2/2
  1632 | D:2      | Reached XP level 4. HP: 40/41 MP: 3/3
  1929 | D:3      | Noticed a centaur
  1940 | D:3      | Killed a centaur
  1940 | D:3      | Reached skill level 5 in Fighting
  1940 | D:3      | Reached skill level 5 in Axes
  1940 | D:3      | Reached XP level 5. HP: 17/48 MP: 4/4
  2279 | D:3      | Noticed a centaur
  2286 | D:3      | Killed a centaur
  2286 | D:3      | Reached skill level 1 in Bows
  2393 | D:3      | Reached skill level 6 in Axes
  2395 | D:3      | Found a shattered altar of Ashenzari.
  2511 | D:3      | Reached skill level 1 in Stealth
  2511 | D:3      | Reached XP level 6. HP: 45/56 MP: 5/5
  2938 | D:4      | Noticed Goblin1989's ghost (amateur GnFi)
  3189 | D:4      | Noticed Natasha
  3190 | D:4      | Killed Goblin1989's ghost
  3190 | D:4      | Reached XP level 7. HP: 62/62 MP: 6/6
  3198 | D:4      | Killed Natasha
  3567 | D:4      | Noticed Natasha
  3567 | D:4      | Reached *** piety under Trog
  3571 | D:4      | Killed Natasha
  3813 | D:4      | Noticed Natasha
  3818 | D:4      | Killed Natasha
  3919 | D:5      | Entered Level 5 of the Dungeon
  3958 | D:5      | Noticed Prince Ribbit
  4020 | D:5      | Reached skill level 7 in Axes
  4028 | D:5      | Reached skill level 5 in Bows
  4062 | D:5      | Killed Prince Ribbit
  4062 | D:5      | Reached XP level 8. HP: 19/71 MP: 7/7
  4066 | D:5      | Noticed Blork the orc
  4076 | D:5      | Killed Blork the orc
  4591 | D:5      | Found a sand-covered staircase.
  4599 | Ossuary  | Entered an ossuary
  4618 | Ossuary  | Reached **** piety under Trog
  4666 | Ossuary  | Received a gift from Trog
  4729 | Ossuary  | Received a gift from Trog
  4922 | Ossuary  | Received a gift from Trog
  5074 | Ossuary  | Reached skill level 8 in Axes
  5099 | Ossuary  | Reached ***** piety under Trog
  5347 | D:6      | Noticed Amnesiac's ghost (novice GnCj)
  5362 | D:6      | Killed Amnesiac's ghost
  5362 | D:6      | Reached XP level 9. HP: 79/79 MP: 8/8
  5457 | D:6      | Noticed Sigmund
  5469 | D:6      | Killed Sigmund
  5505 | D:6      | Noticed an oklob plant
  5519 | D:6      | Reached skill level 9 in Axes
  5565 | D:6      | HP: 4/81 [acid (4)]
  5566 | D:6      | Splashed by a jelly's acid

Vault maps used:
D:1:      minmay_arrival_loop, nrook_mini_vaults
D:2:      st_stairs_9
D:3:      evilmike_ruin_ashenzari
D:4:      hangedman_minor_gate_pass, uniq_natasha
D:5:      nicolae_overflow_hidden_temple, first_bread,
          nicolae_ossuary_entry_plus, uniq_blork_the_orc, uniq_prince_ribbit1
D:6:      lemuel_slime, uniq_duvessa, uniq_sigmund
Ossuary:  ossuary_zaba_two_paths

Skill      XL: |  1  2  3  4  5  6  7  8  9 |
---------------+----------------------------+-----
Fighting       | 4 5 6 7 |  7.8
Axes           | 4 5 6 7 8 9 |  9.2
Bows           | 1 3 5 7 |  7.3
Dodging        | 3 4 |  4.2
Stealth        | 1 |  1.6
Armour         | 3 4 |  4.0

Action                   |  1- 3 |  4- 6 |  7- 9 || total
-------------------------+-------+-------+-------++-------
Melee: Hand axe          |    72 |    59 |   312 ||   443
       Headbutt          |    16 |    11 |    79 ||   106
 Fire: Shortbow          |       |    35 |   112 ||   147
Invok: Berserk           |       |     2 |     3 ||     5
  Use: Scroll            |       |       |     8 ||     8
  Eat: Chunk             |     2 |     5 |     5 ||    12
       Meat ration       |       |       |     1 ||     1
Armor: Animal skin       |    13 |    11 |     3 ||    27
       Chain mail        |       |       |   134 ||   134
Dodge: Dodged            |    43 |    48 |   131 ||   222

Table legend:
 A = Spawn XP
 B = Non-spawn XP
 C = Spawn XP percentage of total XP
 D = Spawn monster count
 E = Non-spawn monster count
 F = Spawn count percentage of total count
 G = Total turns spent on level
                    A         B        C        D         E        F      G
               +---------+---------+-------+---------+---------+-------+---------
         Total |       0 |    3391 |   0.0 |       0 |     197 |   0.0 |  5566
               +---------+---------+-------+---------+---------+-------+---------
           D:1 |       0 |      36 |   0.0 |       0 |      18 |   0.0 |   816
           D:2 |       0 |      81 |   0.0 |       0 |      23 |   0.0 |  1037
           D:3 |       0 |     362 |   0.0 |       0 |      19 |   0.0 |  1316
           D:4 |       0 |     682 |   0.0 |       0 |      35 |   0.0 |   750
           D:5 |       0 |     727 |   0.0 |       0 |      18 |   0.0 |   782
           D:6 |       0 |    1257 |   0.0 |       0 |      22 |   0.0 |   277
       Ossuary |       0 |     246 |   0.0 |       0 |      62 |   0.0 |   588
               +---------+---------+-------+---------+---------+-------+---------
